 Dungeon Crawl Stone Soup version 0.28.0-53-g5a82cb258f (webtiles) character file.

Game seed: 6105749537594607587

119 cbfl8 the Skirmisher (level 5, -1/42 HPs)
             Began as a Formicid Berserker on Aug 15, 2022.
             Was a Believer of Trog.
             Slain by an adder (4 damage)
             ... on level 4 of the Dungeon.
             The game lasted 00:04:38 (3064 turns).

cbfl8 the Skirmisher (Formicid Berserker)           Turns: 3064, Time: 00:04:39

Health: -1/42      AC:  5    Str: 23    XL:     5   Next: 23%
Magic:  5/5        EV: 11    Int:  7    God:    Trog [**....]
Gold:   52         SH:  0    Dex: 10    Spells: 4/4 levels left

rFire   . . .      SeeInvis +   a - +1 hand axe (drain)
rCold   . . .      Faith    .   (no shield)
rNeg    . . .      Spirit   .   j - +0 ring mail
rPois   .          Reflect  .   (helmet unavailable)
rElec   .          Harm     .   c - scarf {repulsion}
rCorr   .          Rampage  .   (no gloves)
Will    .....                   (no boots)
Stlth   +.........              e - amulet of magic regeneration
HPRegen 0.14/turn               (no ring)
MPRegen 0.49/turn               (no ring)

@: repel missiles
A: permanent stasis, dig shafts and tunnels, antennae 3, four strong arms
a: Dig, Shaft Self, Renounce Religion, Trog's Hand


You were on level 4 of the Dungeon.
You worshipped Trog.
Trog was pleased with you.
You visited 1 branch of the dungeon, and saw 5 of its levels.

You collected 52 gold pieces.

Inventory:

Hand Weapons
 a - a +1 hand axe of draining (weapon)
Missiles
 f - 83 stones
Armour
 c - a scarf of repulsion (worn)
 j - a +0 ring mail (worn)
Jewellery
 e - an amulet of magic regeneration (around neck)
Scrolls
 d - a scroll of teleportation {unknown}
 i - a scroll of amnesia
 k - a scroll of noise {unknown}
 l - a scroll of identify
Potions
 b - a potion of might {unknown}
 m - a potion of invisibility {unknown}


   Skills:
 * Level 4.2 Fighting
 * Level 4.2 Axes
 + Level 2.6 Armour
 + Level 2.1 Dodging
 + Level 0.4 Stealth
 * Level 1.2 Evocations


You had 4 spell levels left.
You didn't know any spells.
Your spell library was empty.

Dungeon Overview and Level Annotations

Branches:
Dungeon (5/15)
 Temple: D:4-7

Altars:
Ashenzari

Annotations:
D:3 2 transporters, Jingleheimer's ghost, amateur MfGl


Innate Abilities, Weirdness & Mutations

You cannot be hasted, slowed, berserked, paralysed or teleported.
You can dig through walls and to a lower floor.
You have a pair of large antennae on your head. (SInv)
Your four strong arms can wield two-handed weapons with a shield.


Message History

The shaft crumbles and collapses.
The orc warrior shouts!
The orc shouts!
The orc priest shouts!
You hear an angry hiss. x2
Found a scroll labelled HIFUIM UPLIN WAIT.
Found a stone staircase leading up.
Okay, then.
Okay, then.
It was a potion of berserk rage.
Your stasis prevents you from going berserk.
The orc warrior closely misses you.
Okay, then.
The orc closely misses you.
An adder comes into view.
The adder hisses angrily.
Found a scroll labelled UPPYBR KADGHYRISO.
An adder comes into view.
Found a green potion.
There is a stone staircase leading up here.
The adder closely misses you.
The orc priest casts a cantrip, but nothing happens.
You climb upwards.
The orc shouts! x2
Found a broken altar of Ashenzari.
There is a stone staircase leading down here.
Okay, then.
As you read the scroll labelled CEOMUHIET, it crumbles to dust.
It is a scroll of identify.
i - a scroll of amnesia The adder barely misses you.
The orc warrior hits you with a +0 war axe!
The orc priest looks satisfied for a moment.
The adder barely misses you.
As you read the scroll labelled ITHRAA GENKO, it crumbles to dust.
It is a scroll of enchant weapon.
Your +0 hand axe of draining glows red for a moment.
An adder comes into view.
The orc warrior hits you with a +0 war axe!
* * * LOW HITPOINT WARNING * * *
The adder bites you.
You die...

##...#..# S
....#..# .#
......###o##
........_o.
#......#.#.
#........o.
#..........
#..@....o..
##S#o....o.
... ...####
#.... ...#
...#.. ...#
..###.. ...#
. #.. ...#
... ...#


You could see an orc warrior, 2 orc priests, 2 adders and 3 orcs.

Vanquished Creatures
  An orc priest (D:2)
  4 adders
  A worm (D:2)
  2 dart slugs
  3 orcs (D:2)
  A bat (D:1)
  4 endoplasms
  A giant cockroach (D:2)
  4 goblins
  4 hobgoblins (D:1)
  2 jackals (D:1)
  A quokka (D:1)
  4 ball pythons
  3 frilled lizards
  4 kobolds (D:1)
  9 rats
48 creatures vanquished.

Vanquished Creatures (others)
  6 plants (D:3)
6 creatures vanquished.

Grand Total: 54 creatures vanquished

Notes
Turn   | Place    | Note
-------+----------+-------------------------------------------
     0 | D:1      | cbfl8 the Formicid Berserker began the quest for the Orb.
     0 | D:1      | Reached XP level 1. HP: 18/18 MP: 1/1
   222 | D:1      | Reached XP level 2. HP: 24/24 MP: 2/2
   385 | D:1      | Found a faded altar of an unknown god.
   694 | D:1      | Reached XP level 3. HP: 10/30 MP: 3/3
  1667 | D:2      | Reached XP level 4. HP: 37/37 MP: 4/4
  2019 | D:2      | Reached skill level 1 in Evocations
  2116 | D:2      | Reached ** piety under Trog
  2420 | D:2      | Reached XP level 5. HP: 34/42 MP: 5/5
  2673 | D:3      | Identified the +10 halberd of Haiwireg {venom, rF+}
  2688 | D:3      | Noticed Jingleheimer's ghost (amateur MfGl)
  2727 | D:3      | Found a transporter.
  2733 | D:3      | Found a transporter.
  3053 | D:3      | You fall into a shaft and drop 2 floors!
  3053 | D:5      | Entered Level 5 of the Dungeon
  3053 | D:5      | Noticed an orc warrior
  3062 | D:4      | Found a broken altar of Ashenzari.
  3064 | D:4      | Slain by an adder

Illustrated notes

Levels and vault maps discovered:
D:1:      amcnicky_arrival_blooded_trapdoor, layout_loops_ring,
          hellmonk_ecumenical_altar_leap_of_faith
D:2:      layout_basic
D:3:      layout_loops_ring, gammafunk_ghost_gnarly_gnolls, minmay_hedge_maze
D:4:      layout_basic, general_overflow_altar,
          mainiacjoe_overflow_large_starburst, ashenzari_altar_1, uniq_pikel
D:5:      layout_rooms, minmay_temple_entry_sparse_star,
          ebering_dispersal_statue_hall, st_stairs_13

Skill      XL: |  1  2  3  4 |
---------------+-------------+-----
Dodging        | 2 |  2.1
Fighting       | 4 |  4.2
Evocations     | 1 |  1.2
Axes           | 4 |  4.2
Armour         | |  2.6
Stealth        | |  0.4

Action                   |  1- 3 |  4- 6 || total
-------------------------+-------+-------++-------
Melee: Hand axe          |   119 |    37 ||   156
       Punch             |     1 |       ||     1
 Abil: Shaft Self        |       |     1 ||     1
  Use: Scroll            |     1 |     2 ||     3
       Potion            |     1 |     1 ||     2
 Stab: Sleeping          |     1 |       ||     1
Armor: Animal skin       |     8 |       ||     8
       Leather armour    |    17 |     9 ||    26
       Ring mail         |       |     3 ||     3
Dodge: Dodged            |    74 |    34 ||   108
